AoeStats
← Ruipue

Arabia

510193757Analyzed
2v2 RM · 2d ago on Sep 29, 2026· 44m 35s· 4 players
Game mode
Random Map
Map size
Medium (4 player)
Population
200
Speed
Normal
Resources
Standard
Victory
Conquest
Starting age
Dark Age
Ending age
Imperial Age
RankedLock teamsTeams togetherTeam positionsShared explorationLock speedFull tech treeHidden civsTurbo modeCheats
Victory
Defeat
🇩🇪 Saxons · Germany
975
+16
🇩🇪 Varangians · Germany
973
+16
🇵🇪 Koreans · Peru
1004
-18
🇨🇱 Franks · Chile
929
-14
dr_bounty
8:45 Loom
11:33 Feudal Age
13:53 Wheelbarrow
13:07 Man-at-Arms
13:55 Arson
16:05 Horse Collar
17:43 Double-Bit Axe
20:50 Castle Age
19:13 Fletching
20:00 Gold Mining
20:47 Padded Archer Armor
21:23 Crossbowman
23:22 Bodkin Arrow
24:13 Squires
26:33 Hand Cart
28:26 Ballistics
28:47 Town Watch
32:08 Bow Saw
33:30 Thumb Ring
33:42 Leather Archer Armor
36:40 Imperial Age
36:54 Arbalester
37:38 Bracer
38:40 Chemistry
38:16 Scale Mail Armor
38:37 Town Patrol
39:52 Chain Mail Armor
42:08 Ring Archer Armor
43:01 Two-Man Saw
42:10 Heavy Plow
Quatsch
7:14 Loom
9:56 Feudal Age
10:59 Double-Bit Axe
10:55 Horse Collar
21:07 Castle Age
22:12 Bow Saw
22:05 Heavy Plow
22:39 Bloodlines
24:07 Scale Barding Armor
24:07 Husbandry
25:10 Gambesons
32:22 Forging
33:09 Wheelbarrow
35:26 Hand Cart
35:38 Scale Mail Armor
37:11 Vendel Legacy
37:57 Arson
38:13 Squires
43:29 Imperial Age
42:36 Chain Barding Armor
42:52 Iron Casting
43:53 Cavalier
45:37 Blast Furnace
Ruipue
3:37 Loom
11:43 Feudal Age
16:10 Double-Bit Axe
19:56 Castle Age
25:51 Wheelbarrow
27:31 Scale Barding Armor
28:40 Hand Cart
38:19 Imperial Age
37:45 Town Watch
39:05 Onager
Wololo
11:50 Feudal Age
13:16 Double-Bit Axe
13:14 Horse Collar
17:36 Gold Mining
20:19 Fletching
22:25 Wheelbarrow
26:26 Castle Age
27:25 Bodkin Arrow
26:53 Crossbowman
27:33 Stone Mining
30:50 Thumb Ring
34:35 Heavy Plow
37:15 Bow Saw
40:47 Imperial Age
42:50 Two-Man Saw
42:08 Bracer
43:59 Chemistry
43:20 Ballistics
44:19 Hand Cart
Connection lost

Rejoining the realm…

Still unreachable

The connection could not be restored.

Session expired

The server has moved on; the page needs a fresh start.